 Dungeon Crawl Stone Soup version 0.25-a0-458-g6fc7858b95 (webtiles) character file.

Game seed: 7367877555957858691, levelgen mode: deterministic

3376 Elellon the Thaumaturge (level 9, -2/45 HPs)
             Began as a Deep Elf Conjurer on Jan 31, 2020.
             Was a Follower of Vehumet.
             Slain by a killer bee (3 damage)
             ... on level 8 of the Dungeon on Feb 1, 2020.
             The game lasted 00:19:35 (9699 turns).

Elellon the Thaumaturge (Deep Elf Conjurer)         Turns: 9699, Time: 00:19:35

Health: -2/45      AC:  4    Str:  7    XL:     9   Next: 74%
Magic:  1/27       EV: 13    Int: 22    God:    Vehumet [*.....]
Gold:   170        SH:  7    Dex: 15    Spells: 22/32 levels left

rFire    + . .     SeeInvis .   r - +2 mace (protect)
rCold    . . .     Gourm    .   n - +2 buckler
rNeg     . . .     Faith    .   l - +0 robe {rF+}
rPois    .         Spirit   .   y - +0 helmet
rElec    .         Reflect  .   (no cloak)
rCorr    .         Harm     .   A - +0 pair of gloves
MR       .....                  (no boots)
Stlth    ++........             p - amulet of the acrobat
HPRegen  0.15/turn              o - ring of fire
MPRegen  0.20/turn              B - ring of ice

@: lethally poisoned (-2 -> -18)
A: no striking features
a: Renounce Religion


You were on level 8 of the Dungeon.
You worshipped Vehumet.
Vehumet was aware of your devotion.
You were very hungry.

You visited 2 branches of the dungeon, and saw 9 of its levels.
You also visited: Ossuary.

You collected 170 gold pieces.

Inventory:

Hand Weapons
 r - a +2 mace of protection (weapon)
 z - a +1 long sword
Armour
 l - a +0 robe of fire resistance (worn)
 n - a +2 buckler (worn)
 y - a +0 helmet (worn)
 A - a +0 pair of gloves (worn)
Magical Staves
 u - an uncursed staff of power {unknown}
Jewellery
 o - a ring of fire (left hand)
 p - an amulet of the acrobat (around neck)
 B - a ring of ice (right hand)
 D - an uncursed ring of protection from cold
Wands
 a - a wand of acid (7)
 e - a wand of clouds (4)
Scrolls
 h - 2 scrolls of fog
 q - 2 scrolls of amnesia
 t - 4 scrolls of remove curse
 G - a scroll of identify
Potions
 b - a potion of berserk rage
 d - 5 potions of lignification
 f - a potion of flight
 g - 6 potions of curing
 k - a potion of agility {unknown}
 m - 4 potions of mutation {unknown}
 w - 2 potions of degeneration {unknown}
 x - 6 potions of heal wounds {unknown}
 C - a potion of resistance {unknown}
 F - a potion of might {unknown}
Comestibles
 c - 16 rations


   Skills:
 - Level 2.4 Dodging
 - Level 2.4 Stealth
 - Level 4.0 Shields
 + Level 12.0 Spellcasting
 + Level 10.8 Conjurations


You had 22 spell levels left.
You knew the following spells:

 Your Spells              Type           Power        Failure   Level  Hunger
a - Magic Dart            Conj           ####         1%          1    None
b - Searing Ray           Conj           ######       1%          2    None
c - Iskenderun's Mystic   Conj/Tloc      #####...     5%          4    None
d - Mephitic Cloud        Conj/Pois/Air  ####....     3%          3    None

Your spell library contained the following spells:

 Spells                   Type           Power        Failure   Level  Hunger
 Shock                    Conj/Air       ####         1%          1    None
 Conjure Flame            Conj/Fire      ######..     1%          3    None
 Dazzling Flash           Conj/Hex       #####.       1%          3    None
 Fulminant Prism          Conj/Hex       #####.....   5%          4    None
 Blink                    Tloc           N/A          8%          2    None
 Call Imp                 Summ           ##......     8%          2    None
 Slow                     Hex            ##......     8%          2    None


Dungeon Overview and Level Annotations

Branches:
Dungeon (8/15)             Temple (1/1) D:7         Ossuary (visited)
   Lair: D:8-11

Altars:
Cheibriados
Dithmenos
Elyvilon
Gozag
Hepliaklqana
Kikubaaqudgha
Makhleb
Okawaru
Ru
Trog
Vehumet
Xom
Yredelemnul
Zin
The Shining One

Shops:
D:5 (   D:8 [


Message History

You are more poisoned.
The killer bee poisons you! The killer bee barely misses you.
The killer bee closely misses you. You block the killer bee's attack.
You miss the killer bee.
The killer bee is heavily wounded.
You feel sick. You block the killer bee's attack.
The killer bee closely misses you. The killer bee barely misses you.
The killer bee stings you!
* * * LOW HITPOINT WARNING * * *
The killer bee stings you.
* * * LOW HITPOINT WARNING * * *
You barely miss the killer bee.
The killer bee is heavily wounded.
* * * LOW HITPOINT WARNING * * *
You feel sick. The killer bee stings you.
* * * LOW HITPOINT WARNING * * *
You are more poisoned.
The killer bee poisons you! The killer bee misses you.
The killer bee closely misses you. The killer bee stings you.
You die...

#........,,,,,,,*,,>#,**,****,,,
#.......****,,#####.,,,,,,,,,,,,
*#.....** **,..#..,*,**,,,,,,,,
*#...#########.#.###,,,,,******
*#................,,*****
#.######.###...###.# #.# #.#
#$†...?.# #.#### #.###y#,***,*
#....# #...y@#,***,** #.##.#
###.###,,,,,,* #.##.# #.#
*****,,********* #.##.# #.#
*,,,,,,,,,,,
#.####***###*****************
#.#*,,,,,*,,,,,*,,,,,*,,,****
##.#*,,,,,*,,,,,*,,,,,*,,,*,,,
##..#*,,*,,*,,*,,*,,*,,*,,,*,**
##...##,,*,,*,,*,,*,,*,,***+*,*


You could see 2 killer bees.

Vanquished Creatures
  A hungry ghost (D:8)
  A water moccasin (D:5)
  An orc warrior (D:7)
  A sky beast (D:6)
  4 ice beasts
  2 ogres (D:7)
  3 phantoms
  2 necrophages
  A centaur (D:5)
  A bullfrog (D:6)
  2 scorpions
  An oklob sapling (D:7)
  8 killer bees
  5 wights (D:7)
  A howler monkey (D:6)
  2 crimson imps (D:5)
  2 bullfrog skeletons
  A centaur skeleton (D:8)
  An orc priest (D:7)
  4 hounds
  7 orc wizards
  2 iguanas (D:5)
  Natasha (thrice) (D:3)
  7 worker ants
  A hound skeleton (D:5)
  3 mummies (Ossuary)
  2 gnolls (D:5)
  12 adders
  An adder zombie (Ossuary)
  2 worms
  5 dart slugs
  A leopard gecko (D:8)
  30 orcs
  3 ball pythons
  6 giant cockroaches
  9 goblins
  12 hobgoblins
  4 jackals
  A quokka (D:5)
  5 bats
  7 frilled lizards
  3 hobgoblin zombies (Ossuary)
  A jackal zombie (D:6)
  4 kobolds
  A kobold zombie (Ossuary)
  A leopard gecko skeleton (D:4)
  A quokka zombie (D:7)
  11 rats
  2 rat zombies
  A plant (D:7)
192 creatures vanquished.

Notes
Turn   | Place    | Note
-------+----------+-------------------------------------------
     0 | D:1      | Elellon the Deep Elf Conjurer began the quest for the Orb.
     0 | D:1      | Reached XP level 1. HP: 10/10 MP: 6/6
   281 | D:1      | Reached XP level 2. HP: 15/15 MP: 6/8
   303 | D:1      | Learned a level 2 spell: Searing Ray
  1315 | D:1      | Reached skill level 4 in Spellcasting
  1546 | D:2      | Reached skill level 5 in Conjurations
  1546 | D:2      | Reached XP level 3. HP: 19/19 MP: 6/10
  1820 | D:2      | Found a shadowy altar of Dithmenos.
  2325 | D:2      | Found a sacrificial altar of Ru.
  2567 | D:2      | Reached XP level 4. HP: 24/24 MP: 9/12
  2839 | D:2      | Reached skill level 1 in Shields
  3233 | D:3      | Reached skill level 5 in Spellcasting
  3268 | D:3      | Reached XP level 5. HP: 28/28 MP: 11/14
  3482 | D:3      | Noticed Natasha
  3486 | D:3      | Killed Natasha
  3708 | D:3      | Found a hazy altar of Hepliaklqana.
  3739 | D:3      | Noticed Natasha
  3745 | D:3      | Killed Natasha
  3792 | D:3      | Noticed Natasha
  3798 | D:3      | Killed Natasha
  3998 | D:3      | Noticed an ice beast
  4003 | D:3      | Killed an ice beast
  4003 | D:3      | Reached XP level 6. HP: 32/32 MP: 10/16
  4115 | D:4      | Reached skill level 6 in Spellcasting
  4922 | D:4      | Reached XP level 7. HP: 34/36 MP: 8/18
  5176 | D:5      | Entered Level 5 of the Dungeon
  5442 | D:5      | Reached skill level 7 in Spellcasting
  5719 | D:5      | Reached XP level 8. HP: 41/41 MP: 16/21
  5932 | D:5      | Found an iron altar of Okawaru.
  6044 | D:5      | Reached skill level 8 in Spellcasting
  6242 | D:5      | Found Wofoliyh's Weapon Shoppe.
  6864 | D:6      | Reached skill level 9 in Spellcasting
  7164 | D:6      | Reached skill level 10 in Spellcasting
  7729 | D:7      | Found a sand-covered staircase.
  7736 | Ossuary  | Entered an ossuary
  7802 | Ossuary  | Reached XP level 9. HP: 45/45 MP: 20/25
  8173 | D:7      | Found a glowing golden altar of the Shining One.
  8180 | D:7      | You fall into a shaft and drop 1 floor!
  8181 | D:8      | Found Tenotowk's Armour Boutique.
  8271 | D:7      | Found a staircase to the Ecumenical Temple.
  8320 | Temple   | Entered the Ecumenical Temple
  8485 | Temple   | Became a worshipper of Vehumet
  8595 | D:7      | Reached skill level 11 in Spellcasting
  8595 | D:7      | Reached skill level 10 in Conjurations
  8944 | D:7      | Learned a level 4 spell: Iskenderun's Mystic Blast
  8948 | D:7      | Learned a level 3 spell: Mephitic Cloud
  9067 | D:7      | Reached * piety under Vehumet
  9067 | D:7      | Offered knowledge of Shock by Vehumet.
  9317 | D:7      | Found a burning altar of Makhleb.
  9317 | D:7      | Noticed a green death
  9469 | D:8      | Upgraded the game from 0.25-a0-447-gff83419037 to
                  | 0.25-a0-458-g6fc7858b95
  9695 | D:8      | Reached skill level 12 in Spellcasting
  9699 | D:8      | HP: 1/45 [killer bee (2)]
  9699 | D:8      | Slain by a killer bee

Levels and vault maps discovered:
D:1:      dpeg_arrival_rooms_a, layout_basic, minmay_tripent
D:2:      layout_loops_ring, nicolae_ru_awakened_eye, first_ration,
          nicolae_dithmenos_shadow_blocks
D:3:      layout_rooms, marbit_many_paths, uniq_natasha
D:4:      minmay_chambers_of_fours, layout_basic
D:5:      layout_basic, okawaru_altar_gauntlet_db, serial_shops, shop
D:6:      layout_basic
D:7:      layout_loops_ring, minmay_temple_entry_oklob, basic_altar,
          enter_ossuary_4, hangedman_decor_lopped, makhleb_altar_promises_db
D:8:      kennysheep_windowed_halls, layout_loops_ring,
          nemelex_xobeh_ov_fountains_minmay, serial_shops,
          nicolae_shop_temple_entry_statues_fountains
Temple:   regret_index_temple_generic_petals

Skill      XL: |  1  2  3  4  5  6  7  8  9 |
---------------+----------------------------+-----
Spellcasting   | 4 5 6 7 10 12 | 12.0
Conjurations   | 5 6 7 9 10 | 10.8
Shields        | 1 2 3 4 |  4.0
Dodging        | |  2.4
Stealth        | |  2.4

Action                   |  1- 3 |  4- 6 |  7- 9 || total
-------------------------+-------+-------+-------++-------
Melee: Mace              |       |       |    32 ||    32
 Cast: Magic Dart        |    79 |    69 |   149 ||   297
       Searing Ray       |     6 |    28 |    61 ||    95
       Iskenderun's Myst |       |       |     3 ||     3
  Use: Scroll            |       |     5 |    12 ||    17
  Eat: Chunk             |     5 |     7 |    11 ||    23
       Ration            |       |       |     1 ||     1
Armor: Robe              |     1 |     1 |    11 ||    13
Dodge: Dodged            |     8 |    13 |    61 ||    82
Block: Buckler           |     1 |     4 |    22 ||    27

Table legend:
 A = Non-vault XP
 B = Vault XP
 C = Vault XP percentage of total XP
 D = Non-vault monster count
 E = Vault monster count
 F = Vault count percentage of total count
                 A         B        C        D         E       F
            +---------+---------+-------+---------+---------+-------
      Total |    4528 |     296 |   6.1 |     163 |      28 |  14.7
            +---------+---------+-------+---------+---------+-------
        D:1 |      36 |       3 |   7.7 |      20 |       2 |   9.1
        D:2 |     110 |       0 |   0.0 |      30 |       0 |   0.0
        D:3 |     306 |      37 |  10.8 |      27 |       2 |   6.9
        D:4 |     165 |      91 |  35.5 |       6 |       6 |  50.0
        D:5 |    1165 |      37 |   3.1 |      19 |       6 |  24.0
        D:6 |     792 |       0 |   0.0 |      25 |       0 |   0.0
        D:7 |    1396 |      64 |   4.4 |      27 |       3 |  10.0
        D:8 |     558 |       0 |   0.0 |       9 |       0 |   0.0
    Ossuary |       0 |      64 | 100.0 |       0 |       9 | 100.0
            +---------+---------+-------+---------+---------+-------
